 Dungeon Crawl Stone Soup version 0.24.0-13-gcf9b3192b9 (webtiles) character file.

Game seed: 13512935237566043495, levelgen mode: deterministic

26 zkyp the Charlatan (level 2, -1/25 HPs)
             Began as a Demigod Artificer on Nov 10, 2019.
             Slain by Terence
             ... wielding a +0 flail
              (7 damage)
             ... on level 2 of the Dungeon.
             The game lasted 00:00:47 (817 turns).

zkyp the Charlatan (Demigod Artificer)               Turns: 817, Time: 00:00:48

Health: -1/25      AC:  5    Str: 15    XL:     2   Next: 69%
Magic:  6/6        EV: 11    Int: 15    God:
Gold:   40         SH:  0    Dex: 16    Spells: 1/1 levels left

rFire    . . .     SeeInvis .   a - +0 short sword
rCold    . . .     Gourm    .   (no shield)
rNeg     . . .     Faith    .   j - +0 ring mail
rPois    .         Spirit   .   (no helmet)
rElec    .         Reflect  .   (no cloak)
rCorr    .         Harm     .   (no gloves)
MR       .....                  (no boots)
Stlth    +.........             (no amulet)
HPRegen  0.08/turn              (no ring)
MPRegen  0.10/turn              (no ring)

@: no status effects
A: high mp 1
a: no special abilities


You were on level 2 of the Dungeon.
You were not hungry.

You visited 1 branch of the dungeon, and saw 2 of its levels.

You collected 40 gold pieces.

Inventory:

Hand Weapons
 a - a +0 short sword (weapon)
Missiles
 i - 6 javelins (quivered)
 m - 19 poisoned darts
Armour
 j - a +0 ring mail (worn)
Wands
 c - a wand of flame (14)
 d - a wand of enslavement (15)
 e - a wand of random effects (15)
Scrolls
 g - a scroll of fog {unknown}
 h - 5 scrolls of identify {unknown}
 k - a scroll of enchant armour {unknown}
 o - a scroll of amnesia {unknown}
Potions
 l - 2 potions of curing {unknown}
 n - a potion of invisibility {unknown}
Comestibles
 f - 2 rations
 p - 3 chunks of flesh


   Skills:
 + Level 2.6 Fighting
 - Level 0.8 Short Blades
 - Level 1.7 Dodging
 - Level 0.8 Stealth
 - Level 2.6 Evocations


You had one spell level left.
You didn't know any spells.
Your spell library was empty.

Dungeon Overview and Level Annotations

Branches:
Dungeon (2/15)

Annotations:
D:2 Terence


Innate Abilities, Weirdness & Mutations

You have an increased reservoir of magic. (+10% MP)


Message History

You are too injured to fight recklessly!
You are too injured to fight recklessly!
You are too injured to fight recklessly!
You are too injured to fight recklessly!
You are too injured to fight recklessly!
You are too injured to fight recklessly!
You are too injured to fight recklessly!
You are too injured to fight recklessly!
You are too injured to fight recklessly!
You are too injured to fight recklessly!
You are too injured to fight recklessly!
You are too injured to fight recklessly!
Evoke which item? (* to show all) (? for menu, Esc to quit)
Aiming: Throw Flame
Press: ? - help, Shift-Dir - straight line, f - Terence
Aim: Terence, wielding a +0 flail and wearing a +0 scale mail (heavily wounded)
The puff of flame hits Terence.
Terence is severely wounded.
Terence hits you with a +0 flail!
You die...

#. #.### #.#.#
#.#.### ##$....
#....#########
####.#<.#$.......
#.........@......
#....#...@.#.##
#$#[.......#
#>............
#.#..####..#....
#.... ...#.....
..... ##.# ....
.... .. ... ...
...


You could see Terence.

Vanquished Creatures
  A leopard gecko (D:1)
  2 giant cockroaches (D:1)
  5 hobgoblins
  3 jackals (D:1)
  3 bats (D:1)
  A frilled lizard (D:2)
  3 goblins (D:1)
  4 kobolds (D:1)
  2 rats (D:1)
24 creatures vanquished.

Notes
Turn   | Place    | Note
-------+----------+-------------------------------------------
     0 | D:1      | zkyp the Demigod Artificer began the quest for the Orb.
     0 | D:1      | Reached XP level 1. HP: 15/15 MP: 5/5
    23 | D:1      | Reached skill level 1 in Fighting
   401 | D:1      | Reached XP level 2. HP: 23/24 MP: 6/6
   797 | D:2      | Noticed Terence
   817 | D:2      | Slain by Terence

Levels and vault maps discovered:
D:1:      psy_arrival_conway, layout_basic
D:2:      layout_basic, first_ration, uniq_natasha, uniq_terence, uniq_jessica,
          uniq_crazy_yiuf_cottage

Skill      XL: |  1 |
---------------+----+-----
Fighting       | 2 |  2.6
Short Blades   | |  0.8
Dodging        | |  1.7
Stealth        | |  0.8
Evocations     | |  2.6

Action                   || total
-------------------------++-------
Melee: Short sword       ||   110
Evoke: Wand              ||     1
 Stab: Sleeping          ||     2
Armor: Ring mail         ||    26
       Leather armour    ||     8
Dodge: Dodged            ||    77
